 Dungeon Crawl Stone Soup version 0.27-a0-1101-ge311f74bc8 (webtiles) character file.

Game seed: 17730554603075290045

60613 robertstho the Eclecticist (level 15, -18/116 HPs)
             Began as a Djinni Fire Elementalist on Apr 28, 2021.
             Was a High Priest of Ashenzari.
             Demolished by Rupert
             ... wielding a +3 vorpal battleaxe
              (35 damage)
             ... on level 14 of the Dungeon.
             The game lasted 00:38:18 (14647 turns).

robertstho the Eclecticist (DjFE)                  Turns: 14647, Time: 00:38:20

Health: -18/116    AC:  7    Str:  7    XL:     15   Next: 0%
Gold:   2974       EV: 16    Int: 28    God:    Ashenzari [*****.] SH:  0 Dex: 15

rFire    + . .     SeeInvis +   r - +2 halberd of the Lashed Stickiness {protect, Range, Evo} (curse)
rCold    . . .     Faith    .   (shield currently unavailable)
rNeg     . . .     Spirit   .   C - +0 robe of Ashenzari's Autotheism {*Slow rElec rPois Regen+, Range, Fort} (curse)
rPois    ∞         Reflect  .   k - +0 helmet "Shattered Mistrust" {Range, Melee} (curse)
rElec    +         Harm     .   z - +2 cloak of Toth-Mos's Legacy {Evo, Melee} (curse)
rCorr    .         Rampage  .   (no gloves)
Will     +....     Clarity  +   (boots unavailable)
Stlth    ++++......             A - amulet of Vitality {Regen+ HP+15, Range, Fort} (curse)
HPRegen  2.29/turn              o - ring of the Omniscient Sun {Ice, Fort, Self} (curse)
MPRegen  0.00/turn              y - ring of Ashenzari's Regret {Int+6, Melee, Cun} (curse)

@: flying
A: fire resistance 2, cold vulnerability 1, float, innate caster, hp casting,
extra vitality 1
a: Renounce Religion, Shatter the Chains


You were on level 14 of the Dungeon.
You worshipped Ashenzari.
Ashenzari was extremely pleased with you.
You visited 1 branch of the dungeon, and saw 14 of its levels.
You also visited: Bailey and Ice Cave.

You collected 3434 gold pieces.
You spent 460 gold pieces at shops.

Inventory:

Hand Weapons
 r - the cursed +2 halberd of the Lashed Stickiness (weapon) {protect, Range, Evo}
   (You took it off a gnoll on level 5 of the Dungeon)

   It grants its wielder temporary protection when it strikes (+7 to AC).
   It has a curse which improves the following skills: Ranged Combat: Slings,
   Bows, Crossbows and Throwing.
   Evocations: Evocations.
 E - the +6 dagger "Suteuw" {chaos, +Blink rElec Str+3 SInv}
   (You found it on level 10 of the Dungeon)

   Each time it hits an enemy it has a different, random effect.
   It affects your strength (+3).
   It insulates you from electricity.
   It lets you see invisible.
   It lets you blink.
Missiles
 b - 2 throwing nets
Armour
 k - the cursed +0 helmet "Shattered Mistrust" (worn) {Range, Melee}
   (You found it on level 2 of the Dungeon)

   It has a curse which improves the following skills: Ranged Combat: Slings,
   Bows, Crossbows and Throwing.
   Melee Combat: Short Blades, Long Blades, Axes, Maces & Flails, Polearms,
   Staves and Unarmed Combat.
 z - the cursed +2 cloak of Toth-Mos's Legacy (worn) {Evo, Melee}
   (You took it off Maurice on level 13 of the Dungeon)

   It has a curse which improves the following skills: Evocations: Evocations.
   Melee Combat: Short Blades, Long Blades, Axes, Maces & Flails, Polearms,
   Staves and Unarmed Combat.
 C - the cursed +0 robe of Ashenzari's Autotheism (worn) {*Slow rElec rPois Regen+, Range, Fort}
   (You found it on level 8 of the Dungeon)

   It insulates you from electricity.
   It protects you from poison.
   It increases your rate of health regeneration.
   It may slow you when you take damage.
   It has a curse which improves the following skills: Ranged Combat: Slings,
   Bows, Crossbows and Throwing.
   Fortitude: Armour and Shields.
Jewellery
 a - a ring of resist corrosion
 o - the cursed ring of the Omniscient Sun (left hand) {Ice, Fort, Self}
   (You found it on level 4 of the Dungeon)

   [ring of ice]

   It enhances your ice magic.
   It makes you vulnerable to fire.
   It protects you from cold.
   It has a curse which improves the following skills: Fortitude: Armour and
   Shields.
   Introspection: Fighting and Spellcasting.
 y - the cursed ring of Ashenzari's Regret (right hand) {Int+6, Melee, Cun}
   (You found it on level 6 of the Dungeon)

   [ring of intelligence]

   It affects your intelligence (+6).
   It has a curse which improves the following skills: Melee Combat: Short
   Blades, Long Blades, Axes, Maces & Flails, Polearms, Staves and Unarmed
   Combat.
   Cunning:   Dodging and Stealth.
 A - the cursed amulet of Vitality (around neck) {Regen+ HP+15, Range, Fort}
   (You found it on level 6 of the Dungeon)

   [amulet of regeneration]

   It affects your health (+15).
   It increases your rate of health regeneration.
   It has a curse which improves the following skills: Ranged Combat: Slings,
   Bows, Crossbows and Throwing.
   Fortitude: Armour and Shields.
 F - a ring of protection from fire
 G - an amulet of reflection
Wands
 g - a wand of paralysis (8)
 n - a wand of mindburst (6)
 u - a wand of digging (5)
 x - a wand of iceblast (25)
 H - a wand of acid (10)
Scrolls
 c - a scroll of torment
 f - 5 scrolls of fear
 h - 2 scrolls of enchant armour
 i - 2 scrolls of vulnerability
 j - 7 scrolls of teleportation
 l - 3 scrolls of immolation
 m - 2 scrolls of brand weapon
 q - a scroll of magic mapping
 t - 2 scrolls of fog
 D - 4 scrolls of enchant weapon
Potions
 d - 5 potions of curing
 e - 2 potions of mutation
 p - a potion of ambrosia
 v - 4 potions of might
 w - a potion of resistance
 B - 4 potions of brilliance
Miscellaneous
 s - a condenser vane


   Skills:
 + Level 4.6(7.2) Fighting
 + Level 3.4(8.0) Polearms
 + Level 2.3(6.3) Armour
 + Level 6.4(9.1) Dodging
 + Level 6.3(9.0) Stealth
 + Level 17.8(19.9) Spellcasting
 + Level 2.3(5.4) Evocations


You had 13 spell levels left.
You knew the following spells:

 Your Spells              Type           Power      Damage    Failure   Level
a - Foxfire               Conj/Fire      100%       2x1d9     0%          1
b - Conjure Flame         Conj/Fire      96%        6-21      0%          3
c - Inner Flame           Hex/Fire       96%        N/A       0%          3
d - Sticky Flame          Conj/Fire      96%        2d11      0%          4
e - Fireball              Conj/Fire      48%        3d19      0%          5
f - Beastly Appendage     Tmut           100%       N/A       0%          1
g - Wereblood             Tmut           96%        N/A       0%          2
h - Spider Form           Tmut/Pois      48%        N/A       0%          3
i - Stone Arrow           Conj/Erth      100%       3d13      0%          3
j - Cause Fear            Hex            48%        N/A       0%          4
k - Silence               Hex/Air        48%        N/A       0%          5
l - Eringya's Noxious Bo  Tmut/Pois      48%        N/A       1%          6
Your spell library was empty.

Dungeon Overview and Level Annotations

Branches:
Dungeon (14/15)            Temple (0/1) D:6            Lair (0/6) D:8
    Orc (0/2) D:11         Bailey (visited)           IceCv (visited)
 Vaults: D:13-14

Altars:
Ashenzari
Cheibriados
Fedhas
Gozag
Kikubaaqudgha
Okawaru
Sif Muna
Uskayaw
Xom
Zin

Shops:
D:5 ?:

Portals:
Abyss: D:14

Annotations:
D:14 2 transporters, Rupert; Vuniox's ghost, adept GrEE


Innate Abilities, Weirdness & Mutations

You are immune to poison.
Your flesh is very heat resistant. (rF++)
You are vulnerable to cold. (rC-)
You float through the air rather than walking.
You learn spells naturally, not from books.
Your magical power is your life essence.
You have superior vitality. (+4 HP)


Message History

Press: ? - help, Shift-Dir - straight line, f/p - Rupert
Aim: Rupert, wielding a +3 vorpal battleaxe, wearing a +2 scale mail of fire resistance and wearing a ring of resist corrosion (flame, heavily wounded, berserk, covered in liquid flames, 86% to hit)
The stone arrow hits Rupert!
Rupert is heavily wounded.
Rupert burns!
Rupert is engulfed in blazing flames.
Rupert hits you with a +3 vorpal battleaxe!!
Casting: Stone Arrow (safe; 0% risk of failure)
Confirm with . or Enter, or press ? or * to list all spells.
Aiming: Stone Arrow (safe; 0% risk of failure)
Press: ? - help, Shift-Dir - straight line, f/p - Rupert
Aim: Rupert, wielding a +3 vorpal battleaxe, wearing a +2 scale mail of fire resistance and wearing a ring of resist corrosion (flame, heavily wounded, berserk, covered in liquid flames, 86% to hit)
The stone arrow hits Rupert!
Rupert is heavily wounded.
Rupert burns!
Rupert is engulfed in blazing flames.
Rupert completely misses you.
Rupert is engulfed in blazing flames.
Rupert closely misses you.
Casting: Stone Arrow (safe; 0% risk of failure)
Confirm with . or Enter, or press ? or * to list all spells.
Aiming: Stone Arrow (safe; 0% risk of failure)
Press: ? - help, Shift-Dir - straight line, f/p - Rupert
Aim: Rupert, wielding a +3 vorpal battleaxe, wearing a +2 scale mail of fire resistance and wearing a ring of resist corrosion (flame, heavily wounded, berserk, covered in liquid flames, 86% to hit)
The stone arrow hits Rupert!!
Rupert is severely wounded.
Rupert burns!
Rupert stops burning.
Rupert is engulfed in blazing flames.
Rupert hits you with a +3 vorpal battleaxe!
Casting: Stone Arrow (safe; 0% risk of failure)
Confirm with . or Enter, or press ? or * to list all spells.
Aiming: Stone Arrow (safe; 0% risk of failure)
Press: ? - help, Shift-Dir - straight line, f/p - Rupert
Aim: Rupert, wielding a +3 vorpal battleaxe, wearing a +2 scale mail of fire resistance and wearing a ring of resist corrosion (flame, severely wounded, berserk, 81% to hit)
The stone arrow hits Rupert!!
Rupert is almost dead.
Rupert is engulfed in blazing flames.
Rupert hits you with a +3 vorpal battleaxe!
Rupert is engulfed in blazing flames.
Rupert hits you with a +3 vorpal battleaxe!!!
* * * LOW HITPOINT WARNING * * *
x2 You feel better.
Rupert hits you with a +3 vorpal battleaxe!!
You die...

,,,**.##...##..##.#.###
,,,*............#...###
,,,#.....>......##).###### **
,,,#........[÷...........#******,
,**#..#......##.##.#......,,,,,,,
,###..#.........?..#...##.,,,,,,*
,.........#..##.##....##**,,,,,**
,**#.....÷......##...## **,,,**
** *#........##(@@...#* ***'***
####p#########[...#***,,,,,**
####.#########.....#*,*,,,*,* ***
###...########......#,,,,,,,*
,,#####...## #......'.,,∩,,,'
#.#####...## ##.....#.ccu,,,*
#.#####p..####*****#...##,*cp{*{*
#..............,,***..##**,p){,**
####...........,,,**,** *##)##*


You could see Rupert (berserk).

Vanquished Creatures
  An orc warlord (Bailey)
  Louise (D:14)
  Azrael (D:13)
  4 hydras
  4 centaur warriors
  A boulder beetle (D:13)
  3 vault guards (D:14)
  5 two-headed ogres
  4 tengu warriors
  3 skeletal warriors (D:13)
  6 deep elf pyromancers
  An orc knight (D:11)
  4 ugly things
  3 manticores
  4 cyclopes
  A shining eye (shapeshifter) (D:8)
  A gargoyle (D:14)
  2 ice statues (IceCv)
  Maurice (D:13)
  4 kobold demonologists
  Psyche (D:11)
  2 ice devils (D:11)
  A tengu conjurer (D:14)
  3 trolls
  A centaur simulacrum (D:14)
  A shadow (D:12)
  2 wyverns
  4 fire elementals (D:13)
  3 wraiths
  A basilisk (D:12)
  A steam dragon (D:8)
  12 yaks
  3 vampire mosquitoes (D:11)
  4 hell hounds (D:13)
  An acid dragon (D:12)
  3 water moccasins
  A swamp drake (D:11)
  28 orc warriors
  A black bear (D:7)
  6 ice beasts (IceCv)
  5 ogres
  2 sky beasts
  10 boggarts (D:14)
  A necrophage (D:7)
  9 centaurs
  A phantom (D:6)
  Blork the orc (D:5)
  A kobold brigand (D:9)
  A wyvern zombie (D:8)
  2 bullfrogs (D:8)
  3 gnoll sergeants
  6 killer bees (D:8)
  4 wights (D:8)
  2 howler monkeys
  7 centaur zombies
  2 jellies
  A centaur skeleton (D:5)
  A hound (D:6)
  17 orc priests
  A bullfrog skeleton (D:5)
  A gnoll shaman (D:5)
  3 iguanas
  Natasha (twice) (D:3)
  21 orc wizards
  A killer bee zombie (D:8)
  A hound skeleton (D:5)
  A howler monkey zombie (D:7)
  A howler monkey skeleton (D:7)
  27 gnolls
  7 adders
  A shadow imp (D:7)
  A white imp (D:8)
  An adder skeleton (D:5)
  2 worms (D:2)
  4 dart slugs
  69 orcs
  6 ball pythons
  8 endoplasms
  2 giant cockroaches (D:2)
  25 goblins
  26 hobgoblins
  18 kobolds
  7 quokkas
  2 bats
  6 frilled lizards
  6 rats
459 creatures vanquished.

Vanquished Creatures (collateral kills)
  24 foxfires (D:2)
24 creatures vanquished.

Vanquished Creatures (others)
  654 foxfires
  28 plants (D:2)
  8 withered plants (D:5)
690 creatures vanquished.

Grand Total: 1173 creatures vanquished

Notes
Turn   | Place    | Note
-------+----------+-------------------------------------------
     0 | D:1      | robertstho the Djinni Fire Elementalist began the quest for
                  | the Orb.
     0 | D:1      | Reached XP level 1. HP: 15/15 MP: 0/0
   198 | D:1      | Reached skill level 3 in Spellcasting
   198 | D:1      | Reached XP level 2. HP: 16/21 MP: 0/0
   965 | D:1      | Found a faded altar of an unknown god.
  1190 | D:1      | Reached XP level 3. HP: 25/25 MP: 0/0
  1190 | D:1      | Learned a level 1 spell: Beastly Appendage
  1399 | D:2      | Found a hide-covered altar of Uskayaw.
  2445 | D:2      | Reached XP level 4. HP: 24/31 MP: 0/0
  2698 | D:2      | Reached skill level 4 in Spellcasting
  3420 | D:3      | Reached XP level 5. HP: 32/35 MP: 0/0
  3420 | D:3      | Learned a level 2 spell: Wereblood
  4177 | D:3      | Noticed Natasha
  4190 | D:3      | Killed Natasha
  4191 | D:3      | Reached skill level 5 in Spellcasting
  4325 | D:3      | Reached XP level 6. HP: 32/41 MP: 0/0
  4345 | D:3      | Noticed Natasha
  4360 | D:3      | Killed Natasha
  4709 | D:4      | Found an iron altar of Okawaru.
  4711 | D:4      | Found a glowing silver altar of Zin.
  4713 | D:4      | Found a shimmering altar of Xom.
  4868 | D:4      | Found a broken altar of Ashenzari.
  4974 | D:4      | Became a worshipper of Ashenzari the Shackled
  5058 | D:4      | Identified a scroll of acquirement
  5135 | D:5      | Entered Level 5 of the Dungeon
  5441 | D:4      | Reached skill level 6 in Spellcasting
  5441 | D:4      | Reached XP level 7. HP: 19/46 MP: 0/0
  5441 | D:4      | Learned a level 3 spell: Spider Form
  6229 | D:5      | Found Keck's Book Shop.
  6243 | D:5      | Noticed Blork the orc
  6248 | D:5      | Killed Blork the orc
  6628 | D:5      | Reached skill level 7 in Spellcasting
  6694 | D:5      | Reached XP level 8. HP: 47/51 MP: 0/0
  6829 | D:5      | Found Furch's Magic Scroll Emporium.
  6832 | D:5      | Bought a scroll of noise for 10 gold pieces
  6832 | D:5      | Bought a scroll of blinking for 75 gold pieces
  6832 | D:5      | Bought a scroll of magic mapping for 35 gold pieces
  6832 | D:5      | Bought a scroll of teleportation for 30 gold pieces
  6847 | D:5      | Reached skill level 1 in Fighting
  7029 | D:5      | Reached * piety under Ashenzari
  7029 | D:5      | Reached ** piety under Ashenzari
  7609 | D:6      | Found a staircase to the Ecumenical Temple.
  7713 | D:6      | Reached *** piety under Ashenzari
  7982 | D:6      | Found the amulet of Vitality {Regen+ HP+15}
  7993 | D:6      | Found a snail-covered altar of Cheibriados.
  8131 | D:7      | Reached skill level 8 in Spellcasting
  8265 | D:7      | Reached XP level 9. HP: 57/57 MP: 0/0
  8265 | D:7      | Learned a level 3 spell: Stone Arrow
  8326 | D:7      | Reached skill level 9 in Spellcasting
  8744 | D:8      | Noticed a deep elf pyromancer
  8744 | D:8      | Noticed a deep elf pyromancer
  8756 | D:8      | Killed a deep elf pyromancer
  8757 | D:8      | Reached skill level 10 in Spellcasting
  8761 | D:8      | Killed a deep elf pyromancer
  8768 | D:8      | Noticed a troll
  8794 | D:8      | Killed a troll
  8795 | D:8      | Reached XP level 10. HP: 57/64 MP: 0/0
  8803 | D:8      | Reached skill level 11 in Spellcasting
  8876 | D:8      | Noticed a centaur warrior
  8879 | D:8      | Killed a centaur warrior
  8900 | D:8      | Identified the +0 robe of Somewhere Else {*Slow rElec rPois
                  | Regen+}
  9059 | D:8      | Noticed a shining eye
  9065 | D:8      | Killed a shining eye
  9132 | D:8      | Found a staircase to the Lair.
  9269 | D:8      | Reached skill level 12 in Spellcasting
  9466 | D:8      | Found an opulent altar of Gozag.
  9913 | D:9      | Reached XP level 11. HP: 68/68 MP: 0/0
  9913 | D:9      | Learned a level 4 spell: Cause Fear
 10014 | D:9      | Reached **** piety under Ashenzari
 10208 | D:9      | Reached skill level 5 in Stealth
 10273 | D:10     | Entered Level 10 of the Dungeon
 10383 | D:10     | Reached skill level 13 in Spellcasting
 10399 | D:10     | Found a blossoming altar of Fedhas.
 10450 | D:10     | Identified the +6 dagger "Suteuw" {chaos, +Blink rElec
                  | Str+3 SInv}
 10973 | D:11     | Acquired 894 gold pieces
 10996 | D:11     | Noticed a two-headed ogre
 11000 | D:11     | Killed a two-headed ogre
 11001 | D:11     | Reached skill level 1 in Polearms
 11012 | D:11     | Noticed Psyche
 11015 | D:11     | Killed Psyche
 11054 | D:11     | Noticed a cyclops
 11057 | D:11     | Killed a cyclops
 11084 | D:11     | Found a frozen archway.
 11099 | IceCv    | Entered an ice cave
 11099 | IceCv    | Identified the +1 chain mail of the Evening {*Slow Fly
                  | Int+4}
 11099 | IceCv    | Noticed a white ugly thing
 11108 | IceCv    | Found a transporter.
 11111 | IceCv    | Killed a white ugly thing
 11112 | IceCv    | Reached skill level 5 in Dodging
 11144 | IceCv    | Noticed a white ugly thing
 11145 | IceCv    | Found a transporter.
 11154 | IceCv    | Killed a purple ugly thing
 11159 | IceCv    | Reached skill level 14 in Spellcasting
 11159 | IceCv    | Reached XP level 12. HP: 56/76 MP: 0/0
 11525 | D:11     | Found a staircase to the Orcish Mines.
 11875 | D:11     | Reached ***** piety under Ashenzari
 12191 | D:12     | Identified the +3 hunting sling of Departure {venom, rN+
                  | Int+4 Dex+4}
 12279 | D:12     | Noticed a four-headed hydra
 12291 | D:12     | Killed a four-headed hydra
 12338 | D:12     | Noticed a two-headed ogre
 12342 | D:12     | Killed a two-headed ogre
 12384 | D:12     | Reached skill level 15 in Spellcasting
 12426 | D:12     | Noticed a six-headed hydra
 12431 | D:12     | Killed a six-headed hydra
 12801 | D:12     | Noticed a two-headed ogre
 12805 | D:12     | Killed a two-headed ogre
 12958 | D:13     | Found a flagged portal.
 12968 | Bailey   | Entered a bailey
 13109 | Bailey   | Noticed an orc warlord
 13114 | Bailey   | Killed an orc warlord
 13115 | Bailey   | Reached XP level 13. HP: 49/87 MP: 0/0
 13115 | Bailey   | Learned a level 5 spell: Silence
 13368 | D:13     | Reached skill level 16 in Spellcasting
 13368 | D:13     | Reached XP level 14. HP: 96/96 MP: 0/0
 13407 | D:13     | Acquired 901 gold pieces
 13510 | D:13     | Noticed Azrael
 13769 | D:5      | Bought a scroll of torment for 75 gold pieces
 13769 | D:5      | Bought a scroll of brand weapon for 200 gold pieces
 13769 | D:5      | Bought a scroll of magic mapping for 35 gold pieces
 14000 | D:13     | Noticed Maurice
 14003 | D:13     | Killed Maurice
 14152 | D:13     | Killed Azrael
 14241 | D:13     | Reached skill level 17 in Spellcasting
 14348 | D:14     | Noticed Rupert
 14501 | D:14     | Found a transporter.
 14504 | D:14     | Found a one-way gate to the infinite horrors of the Abyss.
 14504 | D:14     | Noticed Vuniox's ghost (adept GrEE)
 14524 | D:14     | Noticed a hellephant
 14528 | D:14     | Found a transporter.
 14586 | D:14     | Noticed Louise
 14593 | D:14     | Killed Louise
 14621 | D:14     | Reached XP level 15. HP: 101/101 MP: 0/0
 14621 | D:14     | Learned a level 6 spell: Eringya's Noxious Bog
 14646 | D:14     | HP: 5/116 [Rupert/+3 vorpal battleaxe (7)]
 14647 | D:14     | Demolished by Rupert

Illustrated notes

Levels and vault maps discovered:
D:1:      lemuel_arrival_room, layout_basic,
          hellmonk_ecumenical_altar_prayer_group
D:2:      wad_woods_stonehenge, layout_basic, st_stairs_11,
          minmay_fractal_squares_gapless_5
D:3:      layout_loops_ring, uniq_natasha
D:4:      layout_loops_corners, grunt_temple_overflow_open, marbit_many_paths
D:5:      layout_basic, kiku_gazebo_garden_becter, serial_shops,
          kennysheep_mini_moat, kennysheep_mini, uniq_blork_the_orc
D:6:      layout_basic, gammafunk_temple_overflow_pools,
          minmay_temple_entry_trees, amcnicky_mini_pool_small,
          minmay_fountain_box
D:7:      layout_rooms, feat_on_display
D:8:      layout_basic, nicolae_overflow_hidden_temple, lair_entry_dummy,
          minmay_the_grid_2x2 [minmay_the_grid_tree,
          minmay_the_grid_medium_cups, minmay_the_grid_dragon_b,
          minmay_the_grid_prize_big_room]
D:9:      layout_roguey
D:10:     layout_basic, general_overflow_altar
D:11:     layout_loops_corners, erik_orc_1, special_room [special_room_orc],
          portal_ice_cave_demonic_guard, uniq_psyche
D:12:     layout_basic, kennysheep_potato
D:13:     layout_roguey, enter_bailey_4, uniq_maurice, uniq_azrael
D:14:     minmay_expanding_circles, layout_loops_cross,
          lightli_vaults_fourway_checkpoint, minmay_misc_feat_four_crosses,
          gammafunk_ghost_abyssal_escape, uniq_rupert, uniq_louise

Skill      XL: |  1  2  3  4  5  6  7  8  9 10 11 12 13 14 |
---------------+-------------------------------------------+-----
Spellcasting   | 3 4 5 6 7 8 10 12 14 15 16 17 | 17.8
Stealth        | 2 3 4 5 6 |  6.3
Fighting       | 1 2 3 4 |  4.6
Dodging        | 3 4 5 6 |  6.4
Polearms       | 2 3 |  3.4
Armour         | 2 |  2.3
Evocations     | 2 |  2.3

Action                   |  1- 3 |  4- 6 |  7- 9 | 10-12 | 13-15 || total
-------------------------+-------+-------+-------+-------+-------++-------
Melee: Halberd           |       |       |       |    13 |       ||    13
 Cast: Foxfire           |   111 |   132 |   174 |       |       ||   417
       Sticky Flame      |       |     1 |     8 |    18 |     4 ||    31
       Fireball          |       |       |    14 |   259 |   106 ||   379
       Stone Arrow       |       |       |       |     2 |    38 ||    40
       Conjure Flame     |       |       |       |       |     2 ||     2
Invok: Curse Item        |       |       |     4 |     3 |     1 ||     8
       Shatter the Chain |       |       |       |     1 |       ||     1
  Use: Scroll            |     3 |     3 |       |     4 |     5 ||    15
       Potion            |       |       |       |     3 |     4 ||     7
 Stab: Sleeping          |       |       |       |     1 |       ||     1
Armor: Robe              |     1 |     4 |     5 |    13 |     5 ||    28
Dodge: Dodged            |     9 |    14 |    32 |    30 |    39 ||   124

Table legend: (Time is in decaauts)
 A = Elapsed time spent in this place.
 B = Non-inter-level travel time spent in this place.
 C = Inter-level travel time spent in this place.
 D = Time resting spent in this place.
 E = Time spent auto-exploring this place.
 F = Levels seen in this place.
 G = Mean time per level.
                   A        B        C        D        E       F      G
               +--------+--------+--------+--------+--------+-----+--------+
         Total |  14663 |  13706 |    957 |    230 |  11384 |  16 |  916.4 |
       Dungeon |  14211 |  13254 |    957 |    210 |  11194 |  14 | 1015.1 |
        Bailey |    351 |    351 |      0 |      0 |    161 |   1 |  351.0 |
      Ice Cave |    100 |    100 |      0 |     20 |     29 |   1 |  100.0 |
               +--------+--------+--------+--------+--------+-----+--------+

Top non-repeatable levels by time:
     D:2: 1911 daAuts
     D:4: 1440 daAuts
     D:1: 1421 daAuts
     D:3: 1241 daAuts
     D:5: 1235 daAuts
    D:11: 1082 daAuts
     D:8: 1022 daAuts
     D:6: 917 daAuts
    D:12: 895 daAuts
    D:10: 741 daAuts
    D:13: 682 daAuts
     D:9: 642 daAuts
     D:7: 633 daAuts
  Bailey: 351 daAuts
    D:14: 342 daAuts
